 Dungeon Crawl Stone Soup version 0.32-a0-329-ge6c31236d6 (webtiles) character file.

Game seed: 970078406246253992

45 PriceMaster the Firebug (level 3, -8/21 HPs)
             Began as an Octopode Fire Elementalist on Feb 17, 2024.
             Killed by an exploding ball python (28 damage)
             ... ignited by their inner flame
             ... on level 2 of the Dungeon.
             The game lasted 00:01:26 (1301 turns).

PriceMaster the Firebug (OpFE)                      Turns: 1301, Time: 00:01:32

Health: -8/21      AC:  1    Str:  7    XL:     3   Next: 64%
Magic:  5/6        EV: 13    Int: 19    God:
Gold:   20         SH:  0    Dex: 12    Spells: 0/6 levels left

rFire   . . .        b - +0 falchion
rCold   . . .        (no shield)
rNeg    . . .        (helmet restricted)
rPois   .            (no amulet)
rElec   .            (no ring)
rCorr   .            (no ring)
SInv    .            (no ring)
Will    .....        (no ring)
Stlth   +++          (no ring)
HPRegen 0.23/turn    (no ring)
MPRegen 0.10/turn    (no ring)
                     (no ring)

%: no passive effects
@: no status effects
A: almost no armour, amphibious, 8 rings, camouflage 1, gelatinous body 1,
(nimble swimmer 1), tentacles
a: no special abilities


You were on level 2 of the Dungeon.
You visited 1 branch of the dungeon, and saw 2 of its levels.

You collected 20 gold pieces.

Inventory:

Hand Weapons
 b - a +0 falchion (weapon)
Jewellery
 h - an amulet of guardian spirit
Potions
 a - 2 potions of magic
 c - a potion of haste {unknown}
 d - a potion of degeneration {unknown}
 f - 2 potions of heal wounds {unknown}
 g - a potion of might {unknown}


   Skills:
 + Level 0.1 Fighting
 + Level 0.4 Long Blades
 + Level 2.5 Dodging
 + Level 3.1 Stealth
 + Level 2.3 Spellcasting
 + Level 1.4 Conjurations
 + Level 3.4 Fire Magic


You couldn't memorise any spells.
You knew the following spells:

 Your Spells              Type           Power      Damage    Failure   Level
a - Foxfire               Conj/Fire      44%        2x1d6     6%          1
b - Scorch                Fire           30%        2d6       6%          2
c - Inner Flame           Hex/Fire       8%         N/A       24%         3

Your spell library contained the following spells:

 Spells                   Type           Power      Damage    Failure   Level
 Volatile Blastmotes      Fire/Tloc      16%        2d11      24%         3
 Flame Wave               Conj/Fire      11%        2d6       52%         4


Dungeon Overview and Level Annotations

Branches:
Dungeon (2/15)

Altars:

Shops:
D:1 *


Innate Abilities, Weirdness & Mutations

You cannot wear most types of armour.
You are amphibious.
You can wear up to eight rings at the same time.
Your skin changes colour to match your surroundings (Stealth+).
Your rubbery body absorbs attacks. (AC +1, EV +1)
((You are camouflaged when in or above water. (Stealth+)))
You have tentacles for arms and can constrict up to eight enemies at once.


Message History

A bat is nearby!
You conjure some foxfire!
The foxfire hits the bat.
You kill the bat!
You see here a bat corpse.
You open the door.
Found a stone staircase leading down.
There is an open door here.
You open the door.
There is an open door here.
Found a leather armour.
Done exploring.
Done exploring.
Done exploring.
Done exploring.
There is an open door here.
There is a stone staircase leading down here.
You climb downwards.
Found a scroll labelled MAICSUBUV.
Found a stone staircase leading down.
There is a stone staircase leading up here.
i - a scroll labelled MAICSUBUV A ball python comes into view.
As you read the scroll labelled KADENINOLO, it crumbles to dust.
You hear a loud clanging noise!
It was a scroll of noise.
The ball python hisses angrily.
You hear a shout!
As you read the scroll labelled MAICSUBUV, it crumbles to dust.
The creatures around you are filled with an inner flame!
It was a scroll of immolation.
The ball python closely misses you. The ball python misses you.
You conjure some foxfire!
The ball python barely misses you. The ball python grabs you.
The ball python constricts you.
The ball python's grasp on you weakens, but your attempt to escape fails.
The foxfire hits the ball python.
Flame seeps out of the ball python.
The ball python is heavily wounded.
The foxfire hits the ball python.
The ball python explodes!
The fiery explosion engulfs you!!
Ouch! That really hurt!
You die...

#.....# .
#.....# #.
#...>.#
#..##.....#
#.....<..#
#########.....#
........#.....#
......§§§.....#
......§@#######
.......○#
......§§.
###.#.....
#........
..........
............
.............


There were no monsters in sight!

Vanquished Creatures
  2 ball pythons
  2 endoplasms (D:1)
  2 goblins (D:1)
  A hobgoblin (D:1)
  6 jackals (D:1)
  3 quokkas (D:1)
  5 bats (D:1)
  2 frilled lizards (D:1)
  A kobold (D:1)
  2 rats (D:1)
26 creatures vanquished.

Vanquished Creatures (others)
  25 foxfires
25 creatures vanquished.

Grand Total: 51 creatures vanquished

Notes
Turn   | Place    | Note
-------+----------+-------------------------------------------
     0 | D:1      | PriceMaster the Octopode Fire Elementalist began the quest
                  | for the Orb.
     0 | D:1      | Reached XP level 1. HP: 11/11 MP: 3/3
    11 | D:1      | Found Ceolahum's Assorted Antiques.
   265 | D:1      | Reached XP level 2. HP: 17/17 MP: 1/5
   567 | D:1      | Reached XP level 3. HP: 21/21 MP: 4/6
   690 | D:1      | Learned a level 2 spell: Scorch
   694 | D:1      | Learned a level 3 spell: Inner Flame
  1301 | D:2      | Killed by an exploding ball python... ignited by their
                  | inner flame

Illustrated notes

Levels and vault maps discovered:
D:1:      amcnicky_arrival_wind_blow, layout_loops_corners, serial_shops, shop
D:2:      layout_rooms, hellmonk_ecumenical_altar_inner_sanctum, basic_altar,
          minmay_misc_feat_tiny, nicolae_underground_beach

Skill      XL: |  1  2  3 |
---------------+----------+-----
Stealth        | 3 |  3.1
Fighting       | |  0.1
Long Blades    | |  0.4
Dodging        | |  2.5
Spellcasting   | |  2.3
Conjurations   | |  1.4
Fire Magic     | |  3.4

Action                     || total
---------------------------++-------
  Melee: Falchion          ||    26
         Constrict         ||     9
         Tentacles         ||     3
   Cast: Foxfire           ||    34
         Scorch            ||     3
    Use: Scroll            ||     2
   Stab: Sleeping          ||     1
 Armour: Skin              ||    15
  Dodge: Dodged            ||    29

Table legend: (Time is in decaauts)
 A = Elapsed time spent in this place.
 B = Non-inter-level travel time spent in this place.
 C = Inter-level travel time spent in this place.
 D = Time resting spent in this place.
 E = Time spent auto-exploring this place.
 F = Levels seen in this place.
 G = Mean time per level.
                   A        B        C        D        E       F      G
               +--------+--------+--------+--------+--------+-----+--------+
         Total |   1308 |   1288 |     20 |      0 |   1109 |   2 |  654.0 |
       Dungeon |   1308 |   1288 |     20 |      0 |   1109 |   2 |  654.0 |
               +--------+--------+--------+--------+--------+-----+--------+

Top non-repeatable levels by time:
     D:1: 1293 daAuts
     D:2: 14 daAuts
